 Dungeon Crawl Stone Soup version 0.31-a0-1272-g9f703e4c1d (webtiles) character file.

Game seed: 15598392419195381019

3961 Bnni the Skirmisher (level 10, -10/53 HPs)
             Began as a Spriggan Hunter on Dec 17, 2023.
             Shot with a sling bullet by Joseph (19 damage)
             ... on level 7 of the Dungeon.
             The game lasted 00:11:35 (6386 turns).

Bnni the Skirmisher (Spriggan Hunter)               Turns: 6386, Time: 00:11:35

Health: -10/53     AC:  7    Str:  7    XL:     10   Next: 2%
Magic:  11/11      EV: 32    Int: 10    God:
Gold:   228        SH:  0    Dex: 24    Spells: 9/9 levels left

rFire   . . .        h - +0 orcbow
rCold   . . .        (shield currently unavailable)
rNeg    . . .        c - +0 robe
rPois   .            (helmet restricted)
rElec   .            G - +0 cloak
rCorr   .            (gloves unavailable)
SInv    +            (boots unavailable)
Will    +....        (no amulet)
Stlth   ++           g - +5 ring of evasion
HPRegen 0.28/turn    q - +4 ring of protection
MPRegen 0.12/turn

%: no passive effects
@: very quick
A: very small, no large weapons, unfitting armour, see invisible, speed 3
a: no special abilities


You were on level 7 of the Dungeon.
You visited 2 branches of the dungeon, and saw 8 of its levels.

You collected 273 gold pieces.
You spent 45 gold pieces at shops.

Inventory:

Hand Weapons
 h - a +0 orcbow (weapon)
 l - a +2 dagger of venom
 w - a +2 spear of venom
Missiles
 a - 2 throwing nets
Armour
 c - a +0 robe (worn)
 G - a +0 cloak (worn)
Jewellery
 g - a +5 ring of evasion (left hand)
 q - a +4 ring of protection (right hand)
Wands
 y - a wand of flame (8)
 C - a wand of iceblast (20)
Scrolls
 b - a scroll of butterflies
 i - a scroll of fear {unknown}
 j - 6 scrolls of teleportation {unknown}
 k - 3 scrolls of immolation {unknown}
 m - 3 scrolls of poison {unknown}
 n - 3 scrolls of noise {unknown}
 p - 4 scrolls of fog
 u - 2 scrolls of blinking {unknown}
 z - a scroll of revelation
 B - a scroll of amnesia
 D - 2 scrolls of acquirement {unknown}
 E - a scroll of silence {unknown}
 F - a scroll of torment {unknown}
Potions
 d - 3 potions of might
 e - a potion of brilliance {unknown}
 f - 5 potions of curing
 o - a potion of cancellation {unknown}
 r - a potion of mutation
 t - a potion of attraction {unknown}
 v - 2 potions of heal wounds
 x - a potion of ambrosia {unknown}
 A - 2 potions of lignification {unknown}


   Skills:
 + Level 6.2 Fighting
 * Level 11.0 Ranged Weapons
 + Level 9.8 Dodging
 - Level 1.5 Stealth


You had 9 spell levels left.
You didn't know any spells.
Your spell library was empty.

Dungeon Overview and Level Annotations

Branches:
Dungeon (7/15)             Temple (1/1) D:5

Altars:
Cheibriados
Dithmenos
Elyvilon
Hepliaklqana
Makhleb
Nemelex Xobeh
Okawaru
Sif Muna
Trog
Uskayaw
Vehumet
Xom
Yredelemnul
Zin

Shops:
D:2 (   D:3 [   D:4 (:   D:5 =

Annotations:
D:7 Joseph


Innate Abilities, Weirdness & Mutations

You are very small and have problems with some larger weapons.
You are too small for most types of armour.
You have supernaturally acute eyesight. (SInv)
You cover ground extremely quickly. (Speed+++)


Message History

Press: ? - help, v - describe, . - travel
Here: Joseph, wielding a +0 sling and wearing a +0 leather armour (moderately wounded, extremely poisoned)
The floor, spattered with blood.
Reach: w) +2 spear (venom)
Press: ? - help, Dir - move target, f/p - Joseph
Aim: Joseph, wielding a +0 sling and wearing a +0 leather armour (moderately wounded, extremely poisoned, about 29% to evade your +2 spear of venom)
You reach to attack!
You closely miss Joseph.
Joseph is moderately wounded.
Joseph shoots a sling bullet.
The sling bullet hits you.
Press: ? - help, v - describe, . - travel
Here: Joseph, wielding a +0 sling and wearing a +0 leather armour (moderately wounded, extremely poisoned)
The floor, spattered with blood.
Reach: w) +2 spear (venom)
Press: ? - help, Dir - move target, f/p - Joseph
Aim: Joseph, wielding a +0 sling and wearing a +0 leather armour (moderately wounded, extremely poisoned, about 29% to evade your +2 spear of venom)
You reach to attack!
You hit Joseph.
Joseph looks as sick as possible!
Joseph is moderately wounded.
Joseph shoots a sling bullet.
The sling bullet hits you.
Unknown command.
Press: ? - help, v - describe, . - travel
Here: Joseph, wielding a +0 sling and wearing a +0 leather armour (heavily wounded, extremely poisoned)
The floor, spattered with blood.
Unknown command.
Your +2 spear of venom stops dripping with poison.
h - a +0 orcbow (weapon)
Joseph shoots a sling bullet.
The sling bullet closely misses you.
You are too injured to fight recklessly!
Fire: h) +0 orcbow
Press: ? - help, Shift-Dir - straight line, f/p - Joseph
Aim: Joseph, wielding a +0 sling and wearing a +0 leather armour (heavily wounded, extremely poisoned, 67% to hit)
You shoot an arrow. The arrow hits Joseph!
Joseph is severely wounded.
Joseph shoots a sling bullet.
The sling bullet hits you!
* * * LOW HITPOINT WARNING * * *
Fire: h) +0 orcbow
Press: ? - help, Shift-Dir - straight line, f/p - Joseph
Aim: Joseph, wielding a +0 sling and wearing a +0 leather armour (severely wounded, extremely poisoned, 67% to hit)
You shoot an arrow. The arrow barely misses Joseph.
Joseph shoots a sling bullet.
The sling bullet hits you!!
You die...

#.............. #..............
#......†....... ########.......
#.# ###<...... #.# #......... ...
####...... #. #.#
#.###########.........
###.###.###....@................
.... ......##.#.>..............
##.###......@.#................
#......######....####..≈≈≈§.._.
#..............................
###..#........#.).....##......#..
................#)#.#.##.######..
###....#.#....#...#.#.##....###..
###....#.........................


You could see Joseph (extremely poisoned).

Vanquished Creatures
  Maurice (D:7)
  The ghost of Amplified the Trooper, a novice MiSh (D:5)
  Jeremiah (D:7)
  A shadow (D:6)
  A wyvern (D:7)
  2 water moccasins
  2 orc warriors
  4 black bears
  A sky beast (D:6)
  3 ogres
  3 ice beasts
  A centaur (D:6)
  A phantom (D:5)
  A kobold brigand (D:7)
  A bullfrog (D:6)
  A scorpion (D:6)
  4 wights (D:7)
  A howler monkey (D:7)
  A hound (D:5)
  2 jellies
  2 orc priests (D:6)
  An iguana (D:5)
  8 orc wizards
  A mummy (D:4)
  10 gnolls
  8 adders
  A white imp (D:5)
  4 worms
  6 dart slugs
  24 orcs
  8 bats
  3 endoplasms
  4 giant cockroaches
  3 goblins (D:1)
  7 hobgoblins
  14 jackals
  2 quokkas
  11 ball pythons
  2 frilled lizards
  20 kobolds
  3 rats
175 creatures vanquished.

Notes
Turn   | Place    | Note
-------+----------+-------------------------------------------
     0 | D:1      | Bnni the Spriggan Hunter began the quest for the Orb.
     0 | D:1      | Reached XP level 1. HP: 10/10 MP: 2/2
   154 | D:1      | Reached XP level 2. HP: 15/15 MP: 3/3
   881 | D:2      | Reached XP level 3. HP: 18/18 MP: 4/4
  1013 | D:2      | Found Fogebraemu's Antique Weapon Boutique.
  1145 | D:2      | Reached XP level 4. HP: 23/23 MP: 5/5
  1397 | D:3      | Reached skill level 5 in Ranged Weapons
  1875 | D:3      | Found Gasej's Armour Boutique.
  1890 | D:3      | Bought a +0 cloak for 45 gold pieces
  2187 | D:4      | Reached XP level 5. HP: 27/27 MP: 6/6
  2345 | D:4      | Found a snail-covered altar of Cheibriados.
  2364 | D:4      | Found Biwe's Book Shop.
  2510 | D:4      | Reached XP level 6. HP: 18/32 MP: 7/7
  2565 | D:4      | Found Lish's Antique Weapon Shop.
  2790 | D:5      | Entered Level 5 of the Dungeon
  2790 | D:5      | Noticed an ice beast
  2826 | D:5      | Reached skill level 6 in Ranged Weapons
  2856 | D:5      | Killed an ice beast
  2857 | D:5      | Reached skill level 5 in Dodging
  2898 | D:5      | Noticed an ice beast
  2912 | D:5      | Killed an ice beast
  2913 | D:5      | Reached XP level 7. HP: 36/36 MP: 8/8
  2966 | D:5      | Reached skill level 7 in Ranged Weapons
  3121 | D:5      | Found a staircase to the Ecumenical Temple.
  3131 | Temple   | Entered the Ecumenical Temple
  3251 | D:5      | Reached XP level 8. HP: 37/42 MP: 9/9
  3294 | D:5      | Found Tufoife's Jewellery Emporium.
  3320 | D:5      | Found a runed translucent door.
  3320 | D:5      | Noticed Amplified's ghost (novice MiSh)
  3362 | D:5      | Reached skill level 8 in Ranged Weapons
  3510 | D:5      | Killed Amplified's ghost
  4145 | D:6      | Reached skill level 9 in Ranged Weapons
  4232 | D:6      | Reached skill level 5 in Fighting
  4315 | D:6      | Found a radiant altar of Vehumet.
  4543 | D:6      | Reached XP level 9. HP: 47/47 MP: 10/10
  5502 | D:7      | Found a basalt altar of Yredelemnul.
  5571 | D:7      | Noticed Maurice
  5589 | D:7      | Maurice stole a +2 dagger of venom
  5598 | D:7      | Maurice stole 2 throwing nets
  5629 | D:7      | Killed Maurice
  5630 | D:7      | Reached skill level 10 in Ranged Weapons
  6045 | D:7      | Noticed Jeremiah
  6082 | D:7      | Killed Jeremiah
  6083 | D:7      | Reached skill level 11 in Ranged Weapons
  6125 | D:7      | Reached XP level 10. HP: 21/53 MP: 11/11
  6371 | D:7      | Noticed Joseph
  6386 | D:7      | Shot with a sling bullet by Joseph

Illustrated notes

Levels and vault maps discovered:
D:1:      kilobyte_arrival_exit_the_forest, layout_loops_ring
D:2:      layout_rooms, serial_shops, shop
D:3:      layout_loops_ring, serial_shops, nicolae_diamond_shop,
          item_on_display_a
D:4:      layout_rooms, slow_altar_1, serial_shops, nicolae_shop_rolling_square,
          nicolae_shop_pleasant_corner_grove
D:5:      layout_gridville, minmay_temple_entry_stoned_glass, serial_shops,
          shop, gammafunk_ghost_grave, nicolae_tricolors
D:6:      layout_layer_cave, vehumet_crystals
D:7:      layout_basic, mainiacjoe_overflow_boulevard, uniq_maurice,
          uniq_jeremiah, uniq_prince_ribbit1, uniq_joseph
Temple:   minmay_temple_curvy_loop

Skill      XL: |  1  2  3  4  5  6  7  8  9 |
---------------+----------------------------+-----
Dodging        | 3 4 5 6 8 9 |  9.8
Fighting       | 2 3 4 5 6 |  6.2
Ranged Weapons | 5 6 7 9 11 | 11.0
Stealth        | |  1.5

Action                     |  1- 3 |  4- 6 |  7- 9 | 10-12 || total
---------------------------+-------+-------+-------+-------++-------
  Melee: Spear             |       |       |    23 |    10 ||    33
         Dagger            |       |       |     6 |       ||     6
   Fire: Shortbow          |   149 |   204 |   158 |       ||   511
         Orcbow            |       |       |   203 |     7 ||   210
    Use: Scroll            |       |       |     7 |       ||     7
 Armour: Robe              |    15 |    25 |    31 |     6 ||    77
  Dodge: Dodged            |    70 |    90 |   174 |     9 ||   343

Table legend: (Time is in decaauts)
 A = Elapsed time spent in this place.
 B = Non-inter-level travel time spent in this place.
 C = Inter-level travel time spent in this place.
 D = Time resting spent in this place.
 E = Time spent auto-exploring this place.
 F = Levels seen in this place.
 G = Mean time per level.
                   A        B        C        D        E       F      G
               +--------+--------+--------+--------+--------+-----+--------+
         Total |   4528 |   4382 |    146 |    108 |   3038 |   8 |  566.0 |
       Dungeon |   4526 |   4380 |    146 |    108 |   3038 |   7 |  646.6 |
        Temple |      1 |      1 |      0 |      0 |      0 |   1 |    1.0 |
               +--------+--------+--------+--------+--------+-----+--------+

Top non-repeatable levels by time:
     D:6: 1121 daAuts
     D:5: 781 daAuts
     D:7: 654 daAuts
     D:1: 593 daAuts
     D:3: 551 daAuts
     D:4: 463 daAuts
     D:2: 360 daAuts
  Temple: 1 daAuts
